 Dungeon Crawl Stone Soup version 0.29.1-2-gbd0b4ee654 (webtiles) character file.

Game seed: 16625521959705367643

9 McKennaii the Grasshopper (level 1, 0/25 HPs)
             Began as a Demigod Warper on Nov 8, 2022.
             Killed from afar by a dart slug (1 damage)
             ... with a slug dart
             ... on level 1 of the Dungeon.
             The game lasted 00:00:26 (295 turns).

McKennaii the Grasshopper (Demigod Warper)           Turns: 295, Time: 00:00:27

Health: 0/25       AC:  3    Str: 12    XL:     1   Next: 93%
Magic:  5/5        EV: 11    Int: 15    God:
Gold:   2          SH:  0    Dex: 13    Spells: 3/3 levels left

rFire   . . .      SeeInvis .   a - +0 spear
rCold   . . .      Faith    .   (no shield)
rNeg    . . .      Spirit   .   b - +0 leather armour
rPois   .          Reflect  .   (no helmet)
rElec   .          Harm     .   (no cloak)
rCorr   .          Rampage  .   (no gloves)
Will    .....                   (no boots)
Stlth   ..........              (no amulet)
HPRegen 0.08/turn               (no ring)
MPRegen 0.09/turn               (no ring)

@: berserking, lethally poisoned (0 -> -1), very quick
A: high MP 1, forlorn, divine attributes
a: no special abilities


You were on level 1 of the Dungeon.
You visited 1 branch of the dungeon, and saw 1 of its levels.

You collected 2 gold pieces.

Inventory:

Hand Weapons
 a - a +0 spear (weapon)
Missiles
 d - 7 boomerangs of dispersal (quivered)
Armour
 b - a +0 leather armour (worn)
Jewellery
 h - a ring of fire
Scrolls
 c - a scroll of blinking
 f - a scroll of enchant weapon {unknown}
 g - a scroll of teleportation {unknown}
Potions
 i - a potion of attraction {unknown}


   Skills:
 + Level 1.9 Fighting
 + Level 1.9 Polearms
 - Level 1.0 Throwing
 + Level 1.0 Armour
 + Level 1.9 Dodging
 + Level 1.9 Spellcasting
 + Level 2.7 Translocations


You had 3 spell levels left.
You didn't know any spells.
Your spell library contained the following spells:

 Spells                   Type           Power      Damage    Failure   Level
 Blink                    Tloc           18%        N/A       14%         2
 Gell's Gravitas          Tloc           9%         N/A       26%         3
 Lesser Beckoning         Tloc           9%         N/A       26%         3
 Teleport Other           Tloc           9%         N/A       26%         3
 Manifold Assault         Tloc           9%         N/A       94%         5


Dungeon Overview and Level Annotations

Branches:
Dungeon (1/15)


Innate Abilities, Weirdness & Mutations

You have an increased reservoir of magic. (+10% MP)
You shall have no god before yourself.
Your divine heritage dramatically boosts your attributes as you level up.


Message History

You are too injured to fight recklessly!
You are too injured to fight recklessly!
You are too injured to fight recklessly!
You are too injured to fight recklessly!
You are too injured to fight recklessly!
You are too injured to fight recklessly!
You are too injured to fight recklessly!
You are too injured to fight recklessly!
You are too injured to fight recklessly!
You are too injured to fight recklessly!
You are too injured to fight recklessly!
You are too injured to fight recklessly!
Unknown command.
You feel sick.
* * * LOW HITPOINT WARNING * * *
You feel sick.
* * * LOW HITPOINT WARNING * * *
You feel sick.
It was a potion of berserk rage.
A red film seems to cover your vision as you go berserk!
You feel yourself moving faster!
You feel mighty!
You feel sick. The rat closely misses you.
You puncture the rat!
You kill the rat!
You feel sick. The dart slug launches a dart at you. The slug dart hits you.
* * * LOW HITPOINT WARNING * * *
The goblin misses you.
You are too berserk!
You barely miss the goblin.
* * * LOW HITPOINT WARNING * * *
You feel sick.
Unknown command.
Unknown command.
You hit the goblin.
You kill the goblin!
The dart slug launches a dart at you. The slug dart hits you.
You die...

##.........# ##. ...#
..........# #.. ....... .
.........# #..# .......#.
#......).# #[.## .........
#........# #..# # ........#
#w...........# #
........###........#### #
#.......##†.......# ###
#........@)######## ###..
#........### #...#
##.....### #.###
###.....#### #.#
...........# #.# #
##.......#.# #.###
#.......#.#### ##.#..
##.....##....########....#
####...######...........##.


You could see a dart slug.

Vanquished Creatures
  A ball python (D:1)
  A bat (D:1)
  An endoplasm (D:1)
  A giant cockroach (D:1)
  2 goblins (D:1)
  A hobgoblin (D:1)
  2 rats (D:1)
9 creatures vanquished.

Notes
Turn   | Place    | Note
-------+----------+-------------------------------------------
     0 | D:1      | McKennaii the Demigod Warper began the quest for the Orb.
     0 | D:1      | Reached XP level 1. HP: 17/17 MP: 5/5
    91 | D:1      | Reached skill level 1 in Throwing
   100 | D:1      | Reached skill level 1 in Armour
   293 | D:1      | HP: 1/25 [dart slug/slug dart (3)]
   295 | D:1      | Killed from afar by a dart slug

Illustrated notes

Levels and vault maps discovered:
D:1:      dpeg_arrival_windows_large_door, layout_rooms

Skill      XL: |  1 |
---------------+----+-----
Throwing       | 1 |  1.0
Armour         | 1 |  1.0
Fighting       | |  1.9
Polearms       | |  1.9
Dodging        | |  1.9
Spellcasting   | |  1.9
Translocations | |  2.7

Action                   || total
-------------------------++-------
Melee: Spear             ||    43
  Use: Potion            ||     1
Armor: Leather armour    ||    13
Dodge: Dodged            ||    34
